 Dungeon Crawl Stone Soup version 0.17.1-1-g73c8601 (webtiles) character file.

256 DeXoteric the Cudgeler (level 6, -1/56 HPs)
             Began as a Naga Fighter on Jan 6, 2016.
             Slain by an ogre
             ... wielding a +0 giant club
              (18 damage)
             ... on level 3 of the Dungeon.
             The game lasted 00:05:21 (3029 turns).

DeXoteric the Cudgeler (Naga Fighter)               Turns: 3029, Time: 00:05:21

Health: -1/56      AC:  6    Str: 20    XL:     6   Next: 15%
Magic:  6/6        EV:  6    Int:  8    God:
Gold:   114        SH:  9    Dex: 11    Spells: 0 memorised, 5 levels left

rFire  . . .     SeeInvis +     a - +0 flail
rCold  . . .     Clarity  .     b - +0 scale mail
rNeg   . . .     SustAt   .     c - +0 shield
rPois  +         Gourm    .     r - +0 helmet
rElec  .         Spirit   .     (no cloak)
rCorr  .         Warding  .     (no gloves)
rMut   .         Stasis   .     (no barding)
MR     .....                    (no amulet)
Stlth  ..........               (no ring)
                                o - ring of see invisible

@: short of breath, very slow, not resistant to hostile enchantments, extremely
unstealthy
A: see invisible, deformed body, poison resistance, slowness 2, slow metabolism
1, spit poison 2, AC +2
a: Spit Poison


You were on level 3 of the Dungeon.
You were not hungry.

You visited 1 branch of the dungeon, and saw 3 of its levels.

You collected 114 gold pieces.

Inventory:

Hand Weapons
 a - a +0 flail (weapon)
Armour
 b - a +0 scale mail (worn)
 c - a +0 shield (worn)
 r - a +0 helmet (worn)
Jewellery
 o - a ring of see invisible (left hand)
Scrolls
 f - a scroll of fear {unknown}
 h - 2 scrolls of enchant armour {unknown}
 i - 4 scrolls of identify {unknown}
 l - a scroll of teleportation {unknown}
 m - a scroll of recharging {unknown}
 p - 3 scrolls of noise {unknown}
 q - a scroll of fog {unknown}
 x - a scroll of remove curse {unknown}
Potions
 d - a potion of might
 g - a potion of ambrosia {unknown}
 j - a potion of resistance {unknown}
 k - a potion of haste {unknown}
 n - 2 potions of brilliance {unknown}
 t - a potion of degeneration {unknown}
 u - a potion of heal wounds {unknown}
 v - 2 potions of flight {unknown}
 z - a potion of curing {unknown}
Comestibles
 e - 2 bread rations
 s - a meat ration
 w - 2 chunks of flesh


   Skills:
 - Level 3.0 Fighting
 + Level 4.5 Maces & Flails
 - Level 2.4 Armour
 + Level 4.2 Shields


You had 5 spell levels left.
You didn't know any spells.

Dungeon Overview and Level Annotations

Branches:
Dungeon (3/15)

Altars:
Vehumet


Innate Abilities, Weirdness & Mutations

You cannot wear boots.
Your serpentine skin is tough (AC +2).
You have supernaturally acute eyesight.
Armour fits poorly on your strangely shaped body.
Your system is resistant to poisons.
You cover ground very slowly.
You have a slow metabolism.
You can spit poison.


Message History

Aim: an ogre, wielding a giant club (lightly wounded)
The splash of poison misses the ogre.
You feel slightly more hungry.
You hit the ogre. The ogre hits you with a giant club!
You take 13 damage, and have 43/56 hp.
MASSIVE DAMAGE!!
You barely miss the ogre. You block the ogre's attack.
You hit the ogre. The ogre hits you with a giant club!!
* * * LOW HITPOINT WARNING * * *
You take 20 damage, and have 23/56 hp.
MASSIVE DAMAGE!!
You barely miss the ogre. You block the ogre's attack.
You have got your breath back.
Found 6 gold pieces.
Aim: an ogre, wielding a giant club (moderately wounded)
The splash of poison hits the ogre.
The ogre is poisoned.
You feel slightly more hungry. You block the ogre's attack.
Found a bread ration.
The ogre hits you with a giant club!
* * * LOW HITPOINT WARNING * * *
You take 7 damage, and have 17/56 hp.
You hit the ogre. The ogre hits you with a giant club!!
You die...

................#######
.##...................##
.#..........>.........$.
.....#.#.###..........#
#...##.#.# #..........#
..<....#[# #..........#
########.# #..........#
.........# #....O.....#
########## ####.N######
##.#


P?P .P.P. P.P.P.P . P.P P .P P%P .. ..P You could see an ogre.

Vanquished Creatures
  3 orc priests (D:3)
  8 adders
  6 worms
  4 giant geckos
  5 orcs (D:3)
  4 giant cockroaches
  4 hobgoblins
  6 jackals (D:2)
  10 bats
  7 giant newts
  6 goblins (D:1)
  7 kobolds
  7 rats
77 creatures vanquished.

Notes
Turn   | Place    | Note
--------------------------------------------------------------
     0 | D:1      | DeXoteric the Naga Fighter began the quest for the Orb.
     0 | D:1      | Reached XP level 1. HP: 21/21 MP: 1/1
   326 | D:1      | Reached XP level 2. HP: 21/28 MP: 2/2
   987 | D:1      | Reached XP level 3. HP: 34/34 MP: 3/3
  1616 | D:2      | Found a radiant altar of Vehumet.
  1635 | D:2      | Reached XP level 4. HP: 42/42 MP: 4/4
  2142 | D:2      | Reached XP level 5. HP: 31/49 MP: 5/5
  2677 | D:3      | Reached skill level 4 in Maces & Flails
  2688 | D:3      | Reached XP level 6. HP: 27/56 MP: 6/6
  3014 | D:3      | Noticed an ogre
  3029 | D:3      | Slain by an ogre

Action                   |  1- 3 |  4- 6 || total
-------------------------+-------+-------++-------
Melee: Flail             |   157 |   166 ||   323
 Abil: Spit Poison       |     3 |    12 ||    15
  Eat: Chunk             |     2 |     4 ||     6
